 Seeded DCSS version 0.30.1-11-g7821555f0a (webtiles) character file.

Game seed: 5 (custom seed)

342 Kazon the Slasher (level 6, -2/36 HPs)
             Began as a Vampire Gladiator on Oct 27, 2023.
             Was an Initiate of Makhleb.
             Slain by a black bear (5 damage)
             ... on level 4 of the Dungeon.
             The game lasted 00:09:42 (2182 turns).

Kazon the Slasher (Vampire Gladiator)               Turns: 2182, Time: 00:09:44

Health: -2/36      AC:  4    Str: 15    XL:     6   Next: 30%
Magic:  16/16      EV: 10    Int: 10    God:    Makhleb [......]
Gold:   163        SH: 14    Dex: 22    Spells: 5/5 levels left

rFire   . . .        e - +2 dagger (vamp)
rCold   + + .        c - +0 tower shield
rNeg    + + +        t - +0 leather armour
rPois   ∞            j - +0 helmet
rElec   .            (no cloak)
rCorr   .            (no gloves)
SInv    +            (no boots)
Will    .....        (no amulet)
Stlth   +++++        w - ring of magical power
HPRegen 0.00/turn    y - +6 ring of dexterity
MPRegen 0.15/turn

%: no passive effects
@: bloodless, inhibited regen
A: bloodless, fangs 3, see invisible, vampiric 2
a: Bat Form, Revivify, Renounce Religion


You were on level 4 of the Dungeon.
You worshipped Makhleb.
Makhleb was noncommittal.
You visited 2 branches of the dungeon, and saw 5 of its levels.

You collected 163 gold pieces.

Inventory:

Hand Weapons
 a - a +0 long sword
 e - a +2 vampiric dagger (weapon)
 f - a +1 demon blade of venom
Missiles
 d - 3 throwing nets
 g - 14 stones (quivered)
 l - 3 boomerangs
 r - 5 poisoned darts
 v - a javelin
Armour
 c - a +0 tower shield (worn)
 j - a +0 helmet (worn)
 t - a +0 leather armour (worn)
Jewellery
 w - a ring of magical power (left hand)
 y - a +6 ring of dexterity (right hand)
Scrolls
 h - a scroll of fog {unknown}
 m - 2 scrolls of identify {unknown}
 n - a scroll of summoning {unknown}
 o - a scroll of blinking {unknown}
 p - a scroll of teleportation {unknown}
 q - 2 scrolls of magic mapping {unknown}
 z - a scroll of torment {unknown}
Potions
 b - a potion of berserk rage {unknown}
 i - a potion of resistance {unknown}
 k - 3 potions of curing {unknown}
 s - a potion of invisibility {unknown}
 u - a potion of flight {unknown}
 x - 2 potions of heal wounds {unknown}


   Skills:
 + Level 2.3 Fighting
 + Level 1.4(3.5) Short Blades
 + Level 4.6(4.7) Long Blades
 + Level 1.8 Throwing
 + Level 1.3 Armour
 + Level 4.0 Dodging
 + Level 3.1 Stealth
 + Level 1.4 Shields
 * Level 1.4 Invocations


You had 5 spell levels left.
You didn't know any spells.
Your spell library contained the following spells:

 Spells                   Type           Power      Damage    Failure   Level
 Frozen Ramparts          Ice            0%         1d1       100%        3
 Ice Form                 Ice/Tmut       0%         N/A       100%        4
 Summon Ice Beast         Ice/Summ       0%         N/A       100%        4


Dungeon Overview and Level Annotations

Branches:
Dungeon (4/15)             Temple (1/1) D:4

Altars:
Fedhas
Gozag
Makhleb
Okawaru
Qazlal
Ru
Wu Jian


Innate Abilities, Weirdness & Mutations

You do not regenerate when monsters are visible.
You are frail without blood (-20% HP).
You can heal yourself when you bite living creatures.
You are immune to poison.
You have razor-sharp teeth.
You have supernaturally acute eyesight. (SInv)
You are afflicted with vampirism and can become a bat while bloodless.


Message History

You block the black bear's attack. The black bear completely misses you.
The black bear claws you.
You hit the black bear but do no damage.
The black bear is heavily wounded.
The black bear bites you. You block the black bear's attack.
The black bear claws you but does no damage.
You hit the black bear but do no damage.
The black bear is heavily wounded.
You block the black bear's attack. x2
The black bear claws you but does no damage.
You block the black bear's attack. The black bear claws you. x2
You hit the black bear.
You feel better.
The black bear is severely wounded.
The black bear closely misses you. You block the black bear's attack.
The black bear claws you but does no damage.
You hit the black bear.
The black bear is severely wounded.
The black bear goes berserk!
You barely miss the black bear.
The black bear is severely wounded.
The black bear closely misses you. The black bear claws you. x2
The black bear bites you.
* * * LOW HITPOINT WARNING * * *
You block the black bear's attack. The black bear claws you.
* * * LOW HITPOINT WARNING * * *
You hit the black bear.
You feel better.
The black bear is almost dead.
You block the black bear's attack. The black bear barely misses you.
The black bear claws you but does no damage.
You block the black bear's attack. The black bear claws you.
* * * LOW HITPOINT WARNING * * *
The black bear claws you but does no damage.
You hit the black bear.
You feel better.
The black bear is almost dead.
The black bear bites you.
* * * LOW HITPOINT WARNING * * *
The black bear claws you.
* * * LOW HITPOINT WARNING * * *
The black bear barely misses you. The black bear bites you.
You die...

#................##.####.#.
#......###..##...##........
#......#...................
#......###..##.#...)##.#.#.
#......# #.................
#......# #.###.#.##.##.#.#.
#......# #.# # #.#.##
#......# #.# # #..#
..###+####@# #.##.#
.........oh## .##.##.)
#..........o# ........
#...........# .##.#.#.
#.........# ........
#####+##... .##.#... #....
#..... #./#.. #.#...
####### ........


You could see a black bear (berserk) and 2 orcs.

Vanquished Creatures
  Sigmund (D:4)
  A scorpion (D:4)
  4 adders
  3 worms
  4 orcs
  4 bats
  9 endoplasms
  A giant cockroach (D:1)
  12 goblins
  7 hobgoblins
  11 jackals
  3 kobolds
  6 ball pythons
  3 frilled lizards
  4 rats
73 creatures vanquished.

Notes
Turn   | Place    | Note
-------+----------+-------------------------------------------
     0 | D:1      | Kazon the Vampire Gladiator began the quest for the Orb.
     0 | D:1      | Reached XP level 1. HP: 16/16 MP: 1/1
    44 | D:1      | Identified a scroll of acquirement
    44 | D:1      | Acquired a +1 demon blade of venom
    77 | D:1      | Reached XP level 2. HP: 22/22 MP: 2/2
   390 | D:1      | Gained mutation: You are afflicted with vampirism and can
                  | become a bat while bloodless. [Vampire growth]
   390 | D:1      | Reached XP level 3. HP: 27/27 MP: 3/3
  1148 | D:2      | Reached skill level 1 in Shields
  1148 | D:2      | Reached XP level 4. HP: 25/33 MP: 4/4
  1586 | D:3      | Found a stormy altar of Qazlal.
  1718 | D:3      | Found a blossoming altar of Fedhas.
  1894 | D:3      | Identified the +2 sling "Qeuhanocyt" {speed, rElec Str-3
                  | Dex+2}
  1911 | D:3      | Found a faded altar of an unknown god.
  1990 | D:4      | Found a staircase to the Ecumenical Temple.
  2001 | D:4      | Reached skill level 1 in Stealth
  2009 | Temple   | Entered the Ecumenical Temple
  2027 | Temple   | Became a worshipper of Makhleb the Destroyer
  2083 | D:4      | Noticed a scorpion
  2086 | D:4      | Killed a scorpion
  2087 | D:4      | Reached skill level 1 in Armour
  2087 | D:4      | Reached XP level 5. HP: 30/30 MP: 5/5
  2118 | D:4      | Noticed Sigmund
  2123 | D:4      | Killed Sigmund
  2124 | D:4      | Reached skill level 1 in Short Blades
  2124 | D:4      | Reached skill level 1 in Invocations
  2124 | D:4      | Reached XP level 6. HP: 36/36 MP: 7/7
  2182 | D:4      | Slain by a black bear

Illustrated notes

Levels and vault maps discovered:
D:1:      ebering_trefoil_3fold, layout_basic, st_stairs_14, serial_bayou_ford_a
D:2:      layout_basic, hangedman_decor_growths, minmay_close_crescents
D:3:      layout_rooms, mainiacjoe_overflow_concentric_impassable,
          mainiacjoe_overflow_paths, shapermc_ecumenical_altar_acropolis,
          chequers_serial_rivers_micro_b
D:4:      layout_basic, riverfiend_overflow_shadow_ancestor,
          minmay_temple_entry_glass, uniq_sigmund
Temple:   nicolae_temple_elliptical

Skill      XL: |  1  2  3  4  5 |
---------------+----------------+-----
Fighting       | 2 |  2.3
Shields        | 1 |  1.4
Long Blades    | 4 |  4.6
Stealth        | 1 3 |  3.1
Armour         | 1 |  1.3
Dodging        | 4 |  4.0
Short Blades   | 1 |  1.4
Invocations    | 1 |  1.4
Throwing       | |  1.8

Action                     |  1- 3 |  4- 6 || total
---------------------------+-------+-------++-------
  Melee: Long sword        |    18 |       ||    18
         Demon blade       |    95 |    38 ||   133
         Bite              |     7 |    13 ||    20
         Dagger            |       |    56 ||    56
  Throw: Stone             |       |     2 ||     2
Ability: Exsanguinate      |       |     1 ||     1
    Use: Scroll            |     2 |       ||     2
         Potion            |     1 |       ||     1
   Stab: Sleeping          |       |     7 ||     7
 Armour: Leather armour    |    37 |    18 ||    55
  Dodge: Dodged            |    47 |    23 ||    70
  Block: Tower shield      |    39 |    49 ||    88
